 Dungeon Sprint DCSS version 0.17.1-2-g5865329 (webtiles) character file.

4700000 Banto the Intangible (level 25, -28/257 HPs)
             Began as a Demigod Gladiator on Feb 16, 2016.
             Killed from afar by a large bag of meat (46 damage)
             ... with an exploding inner flame
             ... in the Dungeon (Sprint VIII: "Arena of Blood").
             The game lasted 00:01:39 (47 turns).

Banto the Intangible (Demigod Gladiator)              Turns: 47, Time: 00:01:40

Health: -28/257    AC:  8    Str: 18    XL:     25   Next: 20%
Magic:  29/61      EV: 41    Int: 12    God:
Gold:   0          SH:  0    Dex: 32    Spells: 0 memorised, 78 levels left

rFire  . . .     SeeInvis .     l - +∞ Axe of Woe
rCold  . . .     Clarity  .     b - +0 leather armour
rNeg   . . .     SustAt   +     (shield currently unavailable)
rPois  .         Gourm    .     c - +0 helmet
rElec  .         Spirit   .     (no cloak)
rCorr  .         Warding  .     (no gloves)
rMut   .         NoTele   +     (no boots)
MR     ++...                    (no amulet)
Stlth  +++++++++.               (no ring)
                                (no ring)

@: very slightly contaminated, very resistant to hostile enchantments,
incredibly stealthy
A: high mp 1, sustain attributes
a: no special abilities


You were in the Dungeon.
You were not hungry.

You visited 1 branch

Inventory:

Hand Weapons
 a - a +0 war axe
 l - the +∞ Axe of Woe (weapon)
   (You found it in the Dungeon)
Missiles
 d - 3 throwing nets (quivered)
Armour
 b - a +0 leather armour (worn)
 c - a +0 helmet (worn)
Potions
 f - a potion of curing
 g - a potion of heal wounds
 h - a potion of haste
 i - 2 potions of magic
 j - a potion of berserk rage
Comestibles
 e - a bread ration


   Skills:
 O Level 27 Fighting
 O Level 27 Axes
 O Level 27 Throwing
 O Level 27 Armour
 O Level 27 Dodging
 O Level 27 Stealth
 O Level 27 Unarmed Combat
 O Level 27 Spellcasting


You had 78 spell levels left.
You didn't know any spells.

Dungeon Overview and Level Annotations

Branches:
Dungeon (1/1)


Innate Abilities, Weirdness & Mutations

You have an increased reservoir of magic (+10% MP).
Your attributes are resistant to harm.


Message History

You slash the bag of meat!
You cleave the bag of meat in twain.
You kill the bag of meat!
You hear a shout! x5
A destroyer comes into view.
It is wielding a +9 great sword of slicing.
Unknown command.
Unknown command.
The bag of meat shouts!
The destroyer shouts!
You hit the sculptor of flesh but do no damage.
You dissect the sculptor of flesh like a pig carcass.
You destroy the sculptor of flesh!
You hear a shout! x6
The destroyer blinks!
You hear a shout! x2
Unknown command.
You cut the large bag of meat into ribbons!!!
You cleave the large bag of meat in twain.
The large bag of meat explodes!
The fiery explosion engulfs the bag of meat. x3
The fiery explosion engulfs you!
You die...

############ ####...... =...
## #........ ...
#..........##.##.##
......o.z.C.)......
....####.oo@o##.#
#...O.oo§)......
o.o#...z.oCo..#.#....
#o........oV.......
#O.o#......o..........
#......#...........§....
............................
.#.........x.ox..............
.. ........#.......# .......


You could see a destroyer, 2 sculptors of flesh, 2 large bags of meat, a meat
berserker (berserk) and 13 bags of meat.

Vanquished Creatures
  3 vampire knights (D)
  20 ogres (D)
  25 orcs (D)
  A skeletal warrior (D)
  2 crawling corpses (D)
51 creatures vanquished.

Notes
Turn   | Place    | Note
--------------------------------------------------------------
     0 | D        | Banto the Demigod Gladiator began the quest for the Orb.
     0 | D        | Reached XP level 1. HP: 17/17 MP: 3/3
     3 | D        | Noticed a meat berserker
     4 | D        | Noticed a bag of meat
     5 | D        | Noticed a bag of meat
     5 | D        | Noticed a bag of meat
     5 | D        | Noticed a meat berserker
     6 | D        | Killed a meat berserker
     6 | D        | Reached skill level 15 in Fighting
     6 | D        | Reached skill level 15 in Axes
     6 | D        | Reached skill level 15 in Armour
     6 | D        | Reached skill level 15 in Dodging
     6 | D        | Reached XP level 2. HP: 20/48 MP: 4/4
     6 | D        | Reached XP level 3. HP: 22/55 MP: 5/5
     6 | D        | Reached XP level 4. HP: 24/62 MP: 6/6
     6 | D        | Reached XP level 5. HP: 26/69 MP: 7/7
     6 | D        | Reached XP level 6. HP: 29/77 MP: 8/8
     6 | D        | Reached XP level 7. HP: 31/83 MP: 9/9
     6 | D        | Reached XP level 8. HP: 33/91 MP: 10/10
     6 | D        | Reached XP level 9. HP: 35/99 MP: 11/11
     6 | D        | Reached XP level 10. HP: 37/106 MP: 13/13
     6 | D        | Reached XP level 11. HP: 39/113 MP: 14/14
     6 | D        | Reached XP level 12. HP: 41/121 MP: 15/15
     7 | D        | Noticed a meat berserker
     7 | D        | Noticed a bag of meat
     7 | D        | Noticed a meat berserker
     7 | D        | Noticed a bag of meat
     7 | D        | Noticed a meat berserker
     8 | D        | Killed a bag of meat
     8 | D        | Reached skill level 16 in Fighting
     8 | D        | Reached skill level 17 in Axes
     8 | D        | Reached XP level 13. HP: 22/130 MP: 16/16
     8 | D        | Killed a meat berserker
     8 | D        | Reached skill level 19 in Fighting
     8 | D        | Reached XP level 14. HP: 23/146 MP: 17/17
     8 | D        | Noticed a bag of meat
     9 | D        | Killed a meat berserker
     9 | D        | Reached skill level 20 in Fighting
     9 | D        | Reached XP level 15. HP: 24/157 MP: 18/18
     9 | D        | Killed a bag of meat
     9 | D        | Reached skill level 21 in Fighting
     9 | D        | Killed a meat berserker
     9 | D        | Reached skill level 22 in Fighting
     9 | D        | Reached XP level 16. HP: 25/170 MP: 19/19
    10 | D        | Noticed a bag of meat
    11 | D        | Noticed a bag of meat
    11 | D        | Noticed a bag of meat
    11 | D        | Noticed a bag of meat
    11 | D        | Killed a bag of meat
    11 | D        | Reached skill level 23 in Fighting
    11 | D        | Killed a meat berserker
    11 | D        | Reached skill level 24 in Fighting
    11 | D        | Killed a bag of meat
    11 | D        | Reached skill level 25 in Fighting
    11 | D        | Reached XP level 17. HP: 27/185 MP: 20/20
    12 | D        | Noticed a destroyer
    12 | D        | Noticed a meat berserker
    12 | D        | Noticed a meat berserker
    12 | D        | Killed a bag of meat
    13 | D        | Noticed a meat berserker
    14 | D        | Noticed a bag of meat
    14 | D        | Killed a bag of meat
    14 | D        | Reached skill level 26 in Fighting
    15 | D        | Noticed a bag of meat
    15 | D        | Noticed a meat berserker
    15 | D        | Killed a bag of meat
    16 | D        | Noticed a bag of meat
    17 | D        | Noticed a bag of meat
    18 | D        | Noticed a meat berserker
    18 | D        | Noticed a bag of meat
    19 | D        | Noticed a large bag of meat
    19 | D        | Killed a destroyer
    19 | D        | Reached skill level 27 in Fighting
    19 | D        | Reached skill level 27 in Axes
    19 | D        | Reached skill level 27 in Armour
    19 | D        | Reached skill level 27 in Dodging
    19 | D        | Reached XP level 18. HP: 31/200 MP: 21/21
    19 | D        | Killed a meat berserker
    20 | D        | Noticed a bag of meat
    20 | D        | Noticed a meat berserker
    20 | D        | Killed a meat berserker
    20 | D        | Reached skill level 27 in Throwing
    20 | D        | Reached XP level 19. HP: 32/207 MP: 22/22
    21 | D        | Noticed a meat berserker
    21 | D        | Killed a meat berserker
    21 | D        | Reached skill level 10 in Spellcasting
    21 | D        | Killed a bag of meat
    22 | D        | Killed a meat berserker
    22 | D        | Reached skill level 15 in Spellcasting
    22 | D        | Killed a bag of meat
    23 | D        | Killed a meat berserker
    23 | D        | Reached XP level 20. HP: 34/216 MP: 22/49
    23 | D        | Killed a bag of meat
    24 | D        | Noticed a bag of meat
    24 | D        | Noticed a meat berserker
    24 | D        | Noticed a destroyer
    24 | D        | Noticed a meat berserker
    25 | D        | Killed a meat berserker
    25 | D        | Killed a bag of meat
    26 | D        | Noticed a meat berserker
    26 | D        | Noticed a meat berserker
    27 | D        | Noticed a meat berserker
    27 | D        | Noticed a destroyer
    27 | D        | Killed a meat berserker
    27 | D        | Reached skill level 27 in Stealth
    27 | D        | Reached XP level 21. HP: 37/224 MP: 23/55
    28 | D        | Killed a bag of meat
    29 | D        | Noticed a bag of meat
    29 | D        | Noticed a bag of meat
    29 | D        | Noticed a bag of meat
    29 | D        | Noticed a bag of meat
    30 | D        | Noticed a bag of meat
    30 | D        | Noticed a bag of meat
    30 | D        | Noticed a bag of meat
    30 | D        | Noticed a destroyer
    31 | D        | Noticed a bag of meat
    31 | D        | Noticed a bag of meat
    31 | D        | Noticed a bag of meat
    31 | D        | Noticed a meat berserker
    31 | D        | Killed a meat berserker
    31 | D        | Reached skill level 27 in Unarmed Combat
    31 | D        | Reached skill level 27 in Spellcasting
    31 | D        | Killed a bag of meat
    32 | D        | Noticed a bag of meat
    32 | D        | Killed a meat berserker
    32 | D        | Killed a bag of meat
    32 | D        | Reached XP level 22. HP: 39/233 MP: 24/60
    33 | D        | Noticed a large bag of meat
    33 | D        | Killed a meat berserker
    34 | D        | Noticed a bag of meat
    34 | D        | Noticed a bag of meat
    34 | D        | Killed a bag of meat
    35 | D        | Noticed a bag of meat
    35 | D        | Killed a bag of meat
    35 | D        | Killed a meat berserker
    35 | D        | Killed a destroyer
    35 | D        | Reached XP level 23. HP: 41/240 MP: 25/61
    35 | D        | Killed a meat berserker
    36 | D        | Noticed a bag of meat
    36 | D        | Killed a bag of meat
    36 | D        | Killed a meat berserker
    36 | D        | Killed a bag of meat
    36 | D        | Killed a destroyer
    36 | D        | Reached XP level 24. HP: 43/249 MP: 25/61
    37 | D        | Noticed a bag of meat
    37 | D        | Noticed a bag of meat
    37 | D        | Noticed a bag of meat
    37 | D        | Noticed a bag of meat
    37 | D        | Noticed a bag of meat
    37 | D        | Noticed a meat berserker
    37 | D        | Noticed a large bag of meat
    38 | D        | Noticed a sculptor of flesh
    39 | D        | Noticed a meat berserker
    39 | D        | Noticed a bag of meat
    39 | D        | Noticed a bag of meat
    39 | D        | Noticed a bag of meat
    40 | D        | Noticed a bag of meat
    40 | D        | Noticed a sculptor of flesh
    41 | D        | Noticed a bag of meat
    41 | D        | Noticed a bag of meat
    41 | D        | Noticed a meat berserker
    43 | D        | Killed a bag of meat
    43 | D        | Killed a bag of meat
    43 | D        | Killed a bag of meat
    44 | D        | Killed a meat berserker
    44 | D        | Killed a bag of meat
    45 | D        | Noticed a sculptor of flesh
    45 | D        | Killed a bag of meat
    45 | D        | Killed a bag of meat
    45 | D        | Killed a meat berserker
    45 | D        | Reached XP level 25. HP: 17/257 MP: 28/61
    45 | D        | Killed a bag of meat
    46 | D        | Noticed a destroyer
    46 | D        | Killed a sculptor of flesh
    47 | D        | Killed a large bag of meat
    47 | D        | Killed from afar by a large bag of meat

Action                   |  1- 3 |  4- 6 |  7- 9 | 10-12 | 13-15 | 16-18 | 19-21 | 22-24 | 25-27 || total
-------------------------+-------+-------+-------+-------+-------+-------+-------+-------+-------++-------
Melee: Executioner's axe |     1 |       |       |     1 |     1 |     6 |     8 |     7 |     2 ||    26
  Use: Scroll            |       |       |       |       |       |       |       |     1 |       ||     1
